 Dungeon Crawl Stone Soup version 0.29-a0-515-g7c1fb6cc08 (webtiles) character file.

Game seed: 8614421486529417307

1642 Morbidden the Grappler (level 8, 0/60 HPs)
             Began as a Ghoul Monk on May 29, 2022.
             Was an Elder of Hepliaklqana.
             Killed by an exploding scorpion zombie (14 damage)
             ... ignited by their inner flame
             ... on level 4 of the Dungeon.
             The game lasted 00:06:36 (4531 turns).

Morbidden the Grappler (Ghoul Monk)                 Turns: 4531, Time: 00:06:36

Health: 0/60       AC: 10    Str: 19    XL:     8   Next: 99%
Magic:  11/11      EV:  9    Int:  5    God:    Hepliaklqana [****..]
Gold:   249        SH:  0    Dex: 14    Spells: 12/12 levels left

rFire   . . .      SeeInvis .     - Unarmed
rCold   + . .      Faith    .   (no shield)
rNeg    + + +      Spirit   .   n - +0 chain mail
rPois   ∞          Reflect  .   j - +1 helmet
rElec   .          Harm     .   g - scarf {shadows}
rCorr   .          Rampage  .   (no gloves)
Will    .....                   (no boots)
Stlth   ..........              o - amulet of Circularity {RegenMP MP-9 Str+2 Dex+3}
HPRegen 0.00/turn               s - ring of magical power
MPRegen 0.52/turn               (no ring)

@: inhibited regen
A: reduced essence, claws 1, cold resistance 1, negative energy resistance 3,
inhibited regeneration, torment resistance 2, devour on kill
a: Renounce Religion, Recall Ancestor, Ancestor Identity, Transference, Idealise


You were on level 4 of the Dungeon.
You worshipped Hepliaklqana.
Hepliaklqana was greatly pleased with you.
You visited 1 branch of the dungeon, and saw 4 of its levels.
You also visited: Ossuary.

You collected 249 gold pieces.

Inventory:

Missiles
 l - 6 boomerangs (quivered)
Armour
 g - a scarf of shadows (worn)
 j - a +1 helmet (worn)
 n - a +0 chain mail (worn)
Jewellery
 o - the amulet of Circularity (around neck) {RegenMP MP-9 Str+2 Dex+3}
   (You found it on level 3 of the Dungeon)

   [amulet of magic regeneration]

   It increases your rate of magic regeneration.
   Str:       It affects your strength (+2).
   Dex:       It affects your dexterity (+3).
   MP:        It affects your magic capacity (-9).
 s - a ring of magical power (left claw)
Scrolls
 d - 8 scrolls of identify
 f - 3 scrolls of enchant armour
 m - 2 scrolls of vulnerability
 q - a scroll of fear
 r - a scroll of amnesia {unknown}
 t - a scroll of immolation
 v - a scroll of enchant weapon {unknown}
Potions
 a - 2 potions of haste {unknown}
 b - 2 potions of ambrosia
 c - a potion of curing {unknown}
 e - 2 potions of might
 h - a potion of lignification {unknown}
 i - 2 potions of heal wounds {unknown}
 k - 3 potions of degeneration {unknown}
 p - 2 potions of invisibility {unknown}
 u - a potion of mutation {unknown}


   Skills:
 * Level 4.9 Fighting
 + Level 2.3 Armour
 * Level 4.5 Dodging
 + Level 2.7 Stealth
 * Level 9.7 Unarmed Combat
 * Level 2.9 Spellcasting


You had 12 spell levels left.
You didn't know any spells.
Your spell library was empty.

Dungeon Overview and Level Annotations

Branches:
Dungeon (4/15)            Ossuary (visited)
 Temple: D:4-7

Altars:
Hepliaklqana
Makhleb
Qazlal
Trog
Vehumet

Annotations:
D:4 Duvessa


Innate Abilities, Weirdness & Mutations

Your life essence is reduced to manifest your ancestor. (-10% HP)
You are immune to poison.
You have sharp fingernails.
Your flesh is cold resistant. (rC+)
You are immune to negative energy. (rN+++)
You do not regenerate when monsters are visible.
You are immune to unholy pain and torment.
You thrive by killing the living.


Message History

The scorpion zombie hits you but does no damage.
Unknown command.
You barely miss Duvessa. You claw Duvessa.
Duvessa is moderately wounded.
Duvessa hits you with a +0 short sword!
Unknown command.
You scratch Duvessa.
Duvessa is heavily wounded.
The scorpion zombie completely misses you.
Duvessa hits you with a +0 short sword!
* * * LOW HITPOINT WARNING * * *
Unknown command.
Unknown command.
You aren't carrying any items that you can evoke.
Unknown command.
Okay, then.
As you read the scroll labelled ROLASE ENOT, it crumbles to dust.
You assume a fearsome visage.
The scorpion zombie is unaffected.
Duvessa is unaffected.
It was a scroll of fear.
Duvessa barely misses you. The scorpion zombie barely misses you.
Duvessa hits you but does no damage.
Unknown command.
Unknown command.
As you read the scroll labelled GULEPL LAGONIL, it crumbles to dust.
The creatures around you are filled with an inner flame!
It was a scroll of immolation.
The scorpion zombie hits you but does no damage.
Duvessa closely misses you. Duvessa attacks as you move away!
Duvessa closely misses you. The scorpion zombie barely misses you.
Duvessa barely misses you.
Unknown command.
Unknown command.
You claw the scorpion zombie!
Flame seeps out of the scorpion zombie.
The scorpion zombie is almost destroyed.
The scorpion zombie is engulfed in blazing flames.
The scorpion zombie explodes!
The fiery explosion engulfs Duvessa!
Duvessa resists.
Flame seeps out of Duvessa.
Duvessa is severely wounded.
The fiery explosion engulfs you!
You die...

. #. ## ## #.
... ##.. ..
#.
...###..###..
+.
#...........#
##
...........
#. #..8§§# ##
#))@○§# ##
#.)e§§# #.
#.)#.## #.
##...# # #.
#.#####.##.#
#.
#....†.....#
###.
#.#####.####
.... #.# ##.
#.# #.


You could see Duvessa (berserk, inner flame).

Vanquished Creatures
  A hornet zombie (Ossuary)
  An ogre (D:4)
  3 water moccasin zombies
  4 bullfrog zombies (Ossuary)
  4 centaur zombies (Ossuary)
  2 hounds (D:4)
  A centaur skeleton (D:4)
  2 scorpion zombies (D:4)
  2 iguanas (D:4)
  7 mummies (Ossuary)
  3 killer bee zombies (Ossuary)
  A hound zombie (D:4)
  3 howler monkey zombies (Ossuary)
  A gnoll (D:3)
  4 adders
  An adder zombie (D:4)
  3 worms
  2 dart slugs (D:2)
  6 orcs
  5 endoplasms
  5 giant cockroaches
  9 goblins
  7 hobgoblins
  5 jackals
  2 quokkas
  6 ball pythons
  3 bats (D:1)
  7 kobolds
  2 rats
102 creatures vanquished.

Vanquished Creatures (collateral kills)
  A hornet zombie (Ossuary)
  A wyvern zombie (Ossuary)
  Dowan (D:4)
  4 bullfrog zombies (Ossuary)
  4 mummies (Ossuary)
  An orc wizard (D:4)
  3 adders
  A gnoll (D:1)
  A worm (D:2)
  A dart slug (D:3)
  An endoplasm (D:3)
  2 goblins
  2 hobgoblins
  2 jackals (D:2)
  2 quokkas
  A bat (D:3)
  A frilled lizard (D:2)
  A rat (D:1)
30 creatures vanquished.

Vanquished Creatures (others)
  3 knights
  7 withered plants (Ossuary)
10 creatures vanquished.

Grand Total: 142 creatures vanquished

Notes
Turn   | Place    | Note
-------+----------+-------------------------------------------
     0 | D:1      | Morbidden the Ghoul Monk began the quest for the Orb.
     0 | D:1      | Reached XP level 1. HP: 19/19 MP: 0/0
   131 | D:1      | Found a faded altar of an unknown god.
   141 | D:1      | Reached XP level 2. HP: 26/26 MP: 2/2
   149 | D:1      | Prayed at the altar of an unknown god.
   149 | D:1      | Became a worshipper of Hepliaklqana the Forgotten
   149 | D:1      | Reached * piety under Hepliaklqana
   149 | D:1      | Reached ** piety under Hepliaklqana
   158 | D:1      | Remembered your ancestor Manelesi as a knight
   327 | D:1      | Reached *** piety under Hepliaklqana
   608 | D:1      | Reached XP level 3. HP: 27/27 MP: 3/3
  1328 | D:2      | Reached skill level 4 in Unarmed Combat
  1328 | D:2      | Reached XP level 4. HP: 36/36 MP: 4/4
  1458 | D:2      | Found a radiant altar of Vehumet.
  2009 | D:3      | Reached **** piety under Hepliaklqana
  2183 | D:3      | Reached skill level 1 in Spellcasting
  2183 | D:3      | Reached XP level 5. HP: 40/41 MP: 5/5
  2311 | D:3      | Identified the +6 dagger of Fate {flame, rN+ Str+4 Int+2}
  2618 | D:3      | Found a radiant altar of Vehumet.
  2619 | D:3      | Found a stormy altar of Qazlal.
  2622 | D:3      | Found a bloodstained altar of Trog.
  2624 | D:3      | Identified the amulet of Circularity {RegenMP MP-9 Str+2
                  | Dex+3}
  2901 | D:4      | Found a sand-covered staircase.
  2919 | D:4      | Reached skill level 5 in Unarmed Combat
  2939 | D:4      | Reached skill level 1 in Armour
  2939 | D:4      | Reached XP level 6. HP: 44/46 MP: 0/6
  2991 | Ossuary  | Entered an ossuary
  3046 | Ossuary  | Reached skill level 6 in Unarmed Combat
  3057 | Ossuary  | Reached XP level 7. HP: 29/53 MP: 0/8
  3236 | Ossuary  | Reached skill level 7 in Unarmed Combat
  3277 | Ossuary  | Reached XP level 8. HP: 29/60 MP: 1/10
  3543 | Ossuary  | Reached skill level 8 in Unarmed Combat
  4222 | D:4      | Reached skill level 9 in Unarmed Combat
  4418 | D:4      | Found a burning altar of Makhleb.
  4505 | D:4      | Noticed Dowan
  4509 | D:4      | Killed Dowan
  4513 | D:4      | Noticed Duvessa
  4531 | D:4      | Killed by an exploding scorpion zombie... ignited by their
                  | inner flame

Illustrated notes

Levels and vault maps discovered:
D:1:      dpeg_arrival_simpleton_b, layout_basic,
          shapermc_ecumenical_altar_pompeii
D:2:      layout_basic, basic_altar
D:3:      layout_loops_corners, minitemple, minmay_quadrilaterals
D:4:      layout_loops_ring, makhleb_blood_cavern_becter, kennysheep_little_box,
          nicolae_ossuary_entry_false_entrances, serial_undead, serial_undead_b,
          serial_undead_c, serial_undead_d, serial_undead_f, serial_undead_e,
          serial_undead_a, grunt_tough_drop, uniq_duvessa

Skill      XL: |  1  2  3  4  5  6  7  8 |
---------------+-------------------------+-----
Dodging        | 3 4 |  4.5
Unarmed Combat | 4 5 6 7 9 |  9.7
Spellcasting   | 1 2 |  2.9
Fighting       | 4 |  4.9
Armour         | 1 2 |  2.3
Stealth        | |  2.7

Action                   |  1- 3 |  4- 6 |  7- 9 || total
-------------------------+-------+-------+-------++-------
Melee: Unarmed           |    68 |   152 |   154 ||   374
       Punch             |     2 |     6 |    16 ||    24
Invok: Ancestor Life: Kn |     1 |       |       ||     1
  Use: Scroll            |       |     5 |     2 ||     7
 Stab: Sleeping          |     2 |       |       ||     2
       Distracted        |       |     1 |     2 ||     3
Armor: Robe              |     3 |       |       ||     3
       Ring mail         |     8 |     9 |       ||    17
       Chain mail        |       |    49 |    73 ||   122
Dodge: Dodged            |    47 |    49 |    63 ||   159

Table legend: (Time is in decaauts)
 A = Elapsed time spent in this place.
 B = Non-inter-level travel time spent in this place.
 C = Inter-level travel time spent in this place.
 D = Time resting spent in this place.
 E = Time spent auto-exploring this place.
 F = Levels seen in this place.
 G = Mean time per level.
                   A        B        C        D        E       F      G
               +--------+--------+--------+--------+--------+-----+--------+
         Total |   4503 |   4408 |     95 |    604 |   2897 |   5 |  900.6 |
       Dungeon |   3300 |   3205 |     95 |      0 |   2515 |   4 |  825.0 |
       Ossuary |   1203 |   1203 |      0 |    604 |    382 |   1 | 1203.0 |
               +--------+--------+--------+--------+--------+-----+--------+

Top non-repeatable levels by time:
 Ossuary: 1203 daAuts
     D:3: 1013 daAuts
     D:1: 924 daAuts
     D:2: 904 daAuts
     D:4: 458 daAuts
